Map: King Sejong Station LE

Players

Icywar

  • Race: Terran Terran
  • Spawn Location: 11:00

Fropez - Winner!

  • Race: Protoss Protoss
  • League: Silver
  • Spawn Location: 5:00

VOD

Have the link to the VOD?

Description

Time

  • Played on: July 6, 2016, 10:15 a.m.
  • Length: 17:48
Show
View Real Time Build Order
Export as new Build Order

Icywar Terran 

Build Orders:  

Get SALT Encoding   

  12  0:02  SCV  
  13  0:14  SCV  
  13  0:17  Supply Depot  
  14  0:26  SCV  
  15  0:42  Barracks  
  15  0:45  Supply Depot  
  15  0:47  SCV  
  16  0:57  Refinery  
  16  0:59  SCV  
  17  1:10  Barracks  
  17  1:14  SCV  
  18  1:26  SCV  
  18  1:30  Barracks  
  19  1:37  Marine  
  19  1:38  SCV  
  21  1:55  Marine  
  21  1:56  Engineering Bay  
  21  1:58  Marine  
  23  2:10  Bunker  
  23  2:13  Marine  
  24  2:16  Marine  
  24  2:17  SCV  
  24  2:19  Marine  
  27  2:28  Missile Turret  
  27  2:29  SCV  
  28  2:36  Marine x2  
  30  2:41  SCV  
  30  2:44  Refinery  
  31  3:01  Supply Depot, Barracks Tech Lab  
  31  3:04  Barracks Tech Lab  
  31  3:06  Barracks Tech Lab  
  31  3:13  Factory  
  31  3:18  Missile Turret  
  31  3:23  SCV  
  31  3:26  Missile Turret  
  32  3:35  Orbital Command  
  32  3:43  Marine  
  32  3:44  Marine  
  32  3:46  Marine  
  35  4:02  Marauder x2  
  39  4:08  Supply Depot  
  39  4:19  Factory Tech Lab  
  39  4:24  Combat Shields  
  39  4:43  Command Center  
  39  4:51  Siege Tank  
  42  5:05  Armory  
  42  5:07  Missile Turret  
  42  5:13  Hi-Sec Auto Tracking  
  42  5:24  SCV  
  43  5:36  Marine x3  
  46  5:47  Supply Depot  
  46  5:53  Missile Turret  
  46  5:59  SCV  
  47  6:07  Siege Tank  
  50  6:12  SCV  
  50  6:13  Missile Turret  
  50  6:18  Missile Turret  
  51  6:34  Missile Turret  
  51  6:39  Marine, Marauder x2  
  56  6:41  Missile Turret  
  56  6:47  Planetary Fortress, Bunker  
  56  6:54  SCV  
  56  6:57  Marine  
  58  7:02  Missile Turret  
  58  7:04  Bunker  
  58  7:07  SCV  
  59  7:19  Refinery  
  59  7:22  Marine x2  
  59  7:23  Marine  
  62  7:41  Marauder x2  
  59  7:58  Marine  
  52  8:01  Marine  
  52  8:02  Marine  
  46  8:06  SCV  
  44  8:15  SCV  
  44  8:16  Marine  
  44  8:18  SCV  
  47  8:27  SCV  
  47  8:29  Supply Depot  
  47  8:30  SCV  
  49  8:39  SCV  
  50  8:42  SCV  
  50  8:47  Building Armor  
  51  8:49  Marine  
  51  8:50  Marine x2  
  51  8:51  SCV  
  51  8:54  SCV  
  56  9:00  Starport  
  56  9:02  Thor  
  62  9:03  SCV  
  63  9:13  Missile Turret  
  63  9:15  SCV  
  64  9:53  Marauder x2  
  64  9:54  Marauder  
  64  9:57  Starport Tech Lab  
  70  10:02  Supply Depot  
  70  10:04  Supply Depot  
  70  10:24  Siege Tank, Marauder  
  75  10:33  Supply Depot  
  75  10:47  Fusion Core  
  75  10:56  Siege Tank, Starport  
  78  10:57  Marine x3  
  81  11:12  Command Center  
  81  11:15  Marine x2  
  83  11:21  Missile Turret  
  83  11:22  Marauder  
  85  11:28  Thor  
  78  12:03  Starport Tech Lab  
  63  12:35  SCV  
  59  12:47  SCV  
  59  12:51  Orbital Command  
  59  12:59  SCV  
  59  13:04  Siege Tank  
  55  13:11  SCV  
  52  13:17  SCV  
  53  13:23  SCV  
  54  13:29  SCV  
  55  13:37  Siege Tank, Terran Vehicle Weapons Level 1  
  55  13:40  Fusion Core  
  55  13:41  Marine x2, SCV  
  59  13:42  Marine  
  62  13:53  SCV  
  62  13:54  Medivac  
  65  13:57  Medivac  
  65  13:59  Marine x2  
  69  14:05  SCV  
  69  14:09  Refinery  
  70  14:44  SCV  
  71  14:57  SCV  
  71  14:59  Marine x3  
  75  15:06  Supply Depot  
  75  15:09  Supply Depot  
  75  15:27  Battlecruiser  
  81  15:48  Marauder x2  
  85  16:30  Raven  
Show
View Real Time Build Order
Export as new Build Order

Fropez Protoss - Winner!

Build Orders: Mass Adepts 

Get SALT Encoding   

  12  0:01  Probe (Chrono Boost)  
  13  0:16  Pylon  
  13  0:18  Probe (Chrono Boost)  
  14  0:28  Assimilator  
  14  0:29  Probe (Chrono Boost)  
  15  0:40  Gateway  
  15  0:42  Probe (Chrono Boost)  
  16  0:53  Probe (Chrono Boost), Assimilator  
  17  1:05  Pylon  
  17  1:09  Probe (Chrono Boost)  
  18  1:20  Probe (Chrono Boost)  
  19  1:27  Cybernetics Core  
  19  1:30  Probe (Chrono Boost)  
  20  1:38  Gateway  
  20  1:41  Probe (Chrono Boost)  
  20  1:46  Assimilator  
  21  1:52  Probe (Chrono Boost)  
  22  2:08  Gateway  
  22  2:09  Warp Gate (Chrono Boost)  
  22  2:11  Gateway  
  22  2:20  Adept  
  24  2:25  Adept  
  26  2:32  Mothership Core  
  28  2:53  Adept  
  28  2:54  Pylon  
  28  2:56  Pylon  
  30  3:03  Probe  
  31  3:12  Adept  
  33  3:21  Adept  
  33  3:22  Adept  
  33  3:23  Adept  
  39  3:27  Probe  
  39  3:32  Pylon  
  40  3:36  Pylon  
  40  3:39  Probe  
  41  3:54  Forge  
  41  4:10  Adept x4  
  49  4:27  Protoss Ground Weapons Level 1 (Chrono Boost)  
  49  4:31  Probe  
  49  4:32  Photon Cannon  
  50  4:53  Nexus  
  50  5:11  Probe  
  51  5:17  Pylon  
  51  5:28  Probe  
  52  5:34  Twilight Council  
  52  5:40  Probe  
  53  5:44  Gateway  
  53  5:46  Gateway  
  53  5:49  Assimilator  
  53  5:52  Probe  
  53  5:53  Assimilator  
  53  5:55  Pylon  
  54  5:59  Adept x2  
  58  6:04  Adept  
  60  6:11  Probe, Protoss Ground Weapons Level 2 (Chrono Boost)  
  60  6:12  Probe  
  60  6:18  Resonating Glaives (Chrono Boost)  
  62  6:42  Adept x3  
  68  7:01  Probe  
  69  7:02  Probe  
  70  7:27  Pylon  
  62  7:41  Pylon  
  54  8:00  Adept x2  
  54  8:01  Adept x4  
  54  8:03  Probe x2  
  64  8:05  Protoss Ground Weapons Level 3  
  50  8:15  Probe x2  
  52  8:27  Probe x2  
  52  8:31  Adept x2  
  52  8:32  Adept x4  
  66  9:02  Templar Archives  
  66  9:06  Adept x2  
  66  9:07  Adept x4  
  78  9:11  Pylon  
  78  9:19  Pylon  
  78  9:31  Adept  
  78  9:32  Adept x5  
  90  10:06  High Templar x4  
  90  10:07  High Templar x2  
  100  10:11  Archon x3  
  102  10:28  Protoss Ground Armor Level 1  
  102  10:34  Probe  
  102  10:35  Probe  
  104  10:40  High Templar  
  104  10:41  High Templar x4  
  114  11:03  Nexus  
  114  11:04  High Templar  
  114  11:06  Archon x2  
  114  11:07  Assimilator  
  116  11:11  Assimilator  
  116  11:15  Pylon  
  116  11:17  Pylon  
  108  12:11  High Templar x4  
  108  12:12  High Templar  
  94  13:05  Zealot x3  
  90  13:06  Zealot x3  
  90  13:09  Probe  
  90  13:10  Probe x2  
  93  13:29  Probe x2  
  93  13:30  Probe  
  96  13:41  Protoss Shields Level 1, Gateway  
  96  13:43  High Templar x4  
  96  13:44  High Templar x2, Gateway  
  96  13:47  Archon, Gateway  
  96  13:48  Archon x2, Photon Cannon  
  108  13:51  Photon Cannon  
  108  14:02  Photon Cannon  
  108  14:05  Photon Cannon  
  108  14:10  Gateway  
  108  14:12  Pylon, Gateway  
  108  14:13  Pylon  
  108  14:15  Gateway x2  
  108  14:17  Zealot x2  
  108  14:18  Zealot x4  
  120  14:37  Archon x2  
  120  14:38  Archon  
  120  14:49  High Templar x5  
  130  14:59  Pylon  
  130  15:13  Zealot x4  
  138  15:17  Protoss Ground Armor Level 2  
  138  15:18  Archon x2  
  138  15:31  Archon, Zealot x5  
  148  15:38  Gateway  
  148  15:58  Zealot x5  
  148  15:59  Zealot x4  
  166  16:29  Pylon  
  166  16:33  Pylon  
  166  16:42  Photon Cannon  
  166  16:48  Nexus  
  166  16:52  Assimilator  
  166  16:56  Assimilator  
  166  16:59  Pylon  
  166  17:02  Pylon  
  144  17:19  Stalker  
  144  17:20  Stalker x6  
  144  17:21  Stalker x3  
Tags
 
Composition
Mass Adepts
League
Silver
Matchup
PvT
Replay Pack
All Mines
Spawn Locations
Cross Positions
Add a new tag
Caveats
  • Supply blocks, unpowered buildings, or Contaminate may cause inaccurate times.
  • Supply counts are checked every 10 seconds.